Map: Heavy Artillery LE

Players

qqq

  • Race: Protoss Protoss
  • League: Platinum
  • Spawn Location: 1:00

Massa

  • Race: Terran Terran
  • League: Platinum
  • Spawn Location: 3:00

GJS - Winner!

  • Race: Terran Terran
  • Spawn Location: 7:00

Esquire - Winner!

  • Race: Protoss Protoss
  • League: Diamond
  • Spawn Location: 7:00

VOD

Have the link to the VOD?

Description

Time

  • Played on: Jan. 7, 2021, 3:58 p.m.
  • Length: 12:00
Show
View Real Time Build Order
Export as new Build Order

qqq Protoss 

Build Orders:  

Get SALT Encoding   

  12  0:01  Probe  
  13  0:13  Probe  
  14  0:30  Probe  
  14  0:31  Pylon  
  15  0:49  Probe, Forge  
  16  1:00  Pylon  
  16  1:05  Pylon  
  16  1:26  Pylon  
  16  1:35  Photon Cannon  
  16  1:37  Pylon  
  16  1:45  Photon Cannon  
  16  2:11  Photon Cannon x2  
  16  2:12  Photon Cannon  
  16  2:18  Pylon  
  14  2:52  Probe  
  15  3:01  Nexus  
  15  3:06  Probe (Chrono Boost)  
  15  3:08  Pylon  
  15  3:11  Gateway  
  16  3:12  Assimilator  
  16  3:16  Probe (Chrono Boost)  
  17  3:21  Probe (Chrono Boost)  
  18  3:28  Assimilator  
  18  3:32  Probe  
  19  3:44  Probe  
  20  3:56  Probe (Chrono Boost)  
  20  3:58  Cybernetics Core  
  21  4:08  Probe (Chrono Boost)  
  24  4:17  Probe x2 (Chrono Boost)  
  24  4:23  Probe (Chrono Boost)  
  24  4:26  Probe (Chrono Boost)  
  26  4:34  Probe (Chrono Boost)  
  26  4:35  Stargate  
  26  4:36  Probe (Chrono Boost)  
  28  4:40  Assimilator  
  28  4:42  Probe (Chrono Boost)  
  28  4:44  Probe (Chrono Boost)  
  30  4:50  Probe (Chrono Boost)  
  30  4:51  Probe (Chrono Boost)  
  32  4:53  Stargate  
  32  4:55  Probe x2 (Chrono Boost)  
  34  5:01  Photon Cannon  
  34  5:05  Pylon  
  34  5:08  Probe  
  34  5:11  Probe  
  36  5:20  Probe  
  37  5:23  Probe, Phoenix  
  40  5:32  Probe  
  40  5:33  Photon Cannon  
  41  5:35  Probe  
  42  5:47  Probe  
  42  5:49  Assimilator  
  43  5:50  Pylon  
  43  5:56  Fleet Beacon  
  43  6:00  Probe, Phoenix  
  46  6:09  Probe  
  47  6:12  Probe  
  47  6:16  Photon Cannon  
  48  6:20  Phoenix  
  48  6:21  Probe  
  48  6:24  Probe  
  52  6:32  Phoenix  
  54  6:33  Probe  
  54  6:36  Probe  
  56  6:43  Anion Pulse-Crystals (Chrono Boost)  
  56  6:45  Phoenix  
  58  6:57  Phoenix  
  60  7:10  Phoenix  
  60  7:11  Pylon  
  60  7:13  Pylon  
  62  7:29  Probe  
  64  7:34  Phoenix  
  65  7:40  Nexus  
  65  7:43  Assimilator  
  65  7:47  Assimilator  
  65  7:50  Pylon, Mothership  
  65  8:01  Photon Cannon  
  65  8:05  Protoss Air Weapons Level 1 (Chrono Boost)  
  69  8:12  Pylon  
  63  8:13  Pylon  
  63  8:14  Pylon  
  63  8:19  Tempest  
  64  8:25  Shield Battery  
  54  8:31  Phoenix  
  53  8:35  Probe  
  54  8:47  Probe  
  55  8:57  Carrier  
  55  8:59  Probe  
  62  9:05  Shield Battery  
  62  9:09  Probe  
  63  9:11  Probe  
  64  9:21  Probe  
  64  9:23  Probe  
  66  9:25  Carrier  
  72  9:33  Probe  
  72  9:35  Probe  
  61  9:45  Probe  
  52  9:57  Probe  
  48  10:01  Photon Cannon, Carrier  
  48  10:05  Probe  
  48  10:06  Photon Cannon  
  53  10:17  Probe  
  53  10:19  Probe  
  55  10:29  Probe  
  55  10:31  Probe  
  49  10:41  Probe  
  47  10:43  Probe  
  47  10:51  Tempest  
  47  10:53  Probe  
  47  10:55  Probe  
  39  11:07  Probe  
  39  11:10  Photon Cannon  
  37  11:17  Probe  
  38  11:20  Probe  
  32  11:32  Probe  
  28  11:33  Probe  
  21  11:44  Probe  
Show
View Real Time Build Order
Export as new Build Order

Massa Terran 

Build Orders: Reaper Expand 

Get SALT Encoding   

  12  0:00  SCV  
  13  0:12  SCV  
  14  0:24  Supply Depot  
  14  0:25  SCV  
  15  0:46  SCV  
  15  0:49  Barracks  
  16  0:54  Refinery  
  16  0:58  SCV  
  17  1:11  SCV  
  18  1:33  SCV  
  18  1:34  Command Center  
  18  1:38  Supply Depot  
  19  2:04  Orbital Command  
  19  2:12  Barracks  
  19  2:15  Refinery  
  19  2:19  Reaper  
  20  2:30  Barracks  
  20  2:33  SCV  
  21  2:45  SCV  
  21  2:47  Factory  
  22  2:55  Barracks Tech Lab  
  22  3:05  Orbital Command, Marine  
  23  3:20  Stimpack  
  23  3:22  Marine x2  
  23  3:26  SCV  
  26  3:31  Factory Tech Lab  
  26  3:36  Starport, SCV  
  26  3:38  SCV  
  28  3:44  Marauder, Marine  
  28  3:46  Marine  
  32  3:53  Siege Tank  
  32  3:55  SCV  
  36  3:57  SCV  
  37  4:07  SCV  
  37  4:09  SCV  
  39  4:15  Engineering Bay, Medivac  
  41  4:19  SCV  
  41  4:21  SCV  
  43  4:25  Siege Tank  
  46  4:31  Supply Depot  
  46  4:53  SCV x2, Marauder, Marine x2, Medivac  
  54  5:02  Missile Turret  
  54  5:06  Missile Turret  
  54  5:15  Supply Depot  
  54  5:17  Supply Depot  
  54  5:36  Marine x2  
  54  5:37  SCV x2, Siege Tank  
  54  5:38  Marauder  
  62  5:43  Combat Shield  
  62  5:49  SCV x2  
  64  5:52  Missile Turret  
  64  5:54  Marine x2  
  66  5:57  Armory  
  66  6:00  Marauder  
  66  6:02  Refinery  
  65  6:12  Marine x2  
  61  6:59  Supply Depot  
  61  7:00  Supply Depot  
  58  7:02  Supply Depot  
  58  7:06  Engineering Bay  
  58  7:22  Supply Depot  
  58  7:23  Supply Depot  
  58  7:26  Supply Depot  
  55  7:44  Marine x3, Medivac  
  55  7:45  Supply Depot  
  55  7:48  Command Center  
  55  7:50  Missile Turret  
  55  7:51  Supply Depot  
  60  7:53  Missile Turret  
  60  8:01  Marine  
  60  8:02  Marine x2  
  60  8:04  Refinery  
  63  8:06  Refinery  
  63  8:19  Marine x3, Missile Turret  
  63  8:37  Marine  
  50  8:52  Widow Mine  
  50  8:53  Marine  
  50  8:54  Marine  
  50  8:55  Marine  
  53  9:04  Missile Turret  
  53  9:11  Marine x2  
  53  9:13  Marine  
  53  9:14  Widow Mine  
  53  9:15  Concussive Shells  
  58  9:20  Orbital Command  
  58  9:24  Medivac  
  58  9:29  Marine  
  63  9:38  Widow Mine  
  63  9:39  Marine x2  
  65  9:47  Marine  
  66  9:57  Marine  
  69  10:00  Widow Mine  
  69  10:12  Marine  
  70  10:25  Supply Depot  
  70  10:26  Supply Depot  
  70  10:29  Supply Depot  
  70  10:50  Marine, Liberator, Siege Tank  
  70  10:51  Supply Depot  
  70  10:52  Supply Depot  
  70  10:55  SCV, Supply Depot  
  78  11:03  Supply Depot  
  78  11:07  Supply Depot  
  78  11:08  Supply Depot  
  78  11:09  Barracks  
  78  11:12  SCV x2, Marine  
  78  11:13  Marauder  
  76  11:24  SCV x2  
  80  11:27  Supply Depot  
  80  11:30  Supply Depot  
  78  11:34  Marauder  
Show
View Real Time Build Order
Export as new Build Order

GJS Terran - Winner!

Build Orders:  

Get SALT Encoding   

  12  0:00  SCV  
  13  0:12  SCV  
  14  0:17  Supply Depot  
  14  0:24  SCV  
  15  0:38  SCV  
  15  0:39  Barracks  
  16  0:44  Refinery  
  16  0:50  SCV  
  17  1:02  SCV  
  18  1:26  SCV  
  18  1:28  Bunker  
  19  1:36  Supply Depot  
  19  1:38  Marine  
  20  1:53  Orbital Command  
  20  2:05  Marine  
  21  2:20  Factory  
  21  2:22  Refinery  
  21  2:23  Marine  
  21  2:29  SCV  
  23  2:40  Marine  
  24  2:58  Marine  
  24  3:02  SCV  
  24  3:04  Factory Tech Lab  
  26  3:09  Supply Depot  
  26  3:15  Starport  
  26  3:18  Barracks  
  26  3:19  SCV  
  27  3:28  Barracks Reactor  
  27  3:32  Siege Tank  
  30  3:43  SCV  
  31  3:50  Command Center  
  31  3:55  Medivac  
  33  4:02  SCV  
  34  4:11  Marine x2  
  34  4:12  Siege Tank  
  39  4:22  Supply Depot  
  39  4:31  Marine x2  
  39  4:34  Marine, Medivac  
  39  4:37  SCV  
  45  4:45  Supply Depot  
  45  4:55  SCV  
  45  4:57  Factory Tech Lab  
  46  5:01  Stimpack  
  46  5:02  Marine x3  
  49  5:17  Siege Tank  
  52  5:44  Orbital Command  
  52  5:47  SCV  
  52  5:48  Marine x3  
  58  5:50  Liberator  
  59  5:59  SCV  
  58  6:11  SCV  
  58  6:14  Marine  
  58  6:15  Marine x2, Siege Tank  
  62  6:35  SCV x2  
  64  6:42  Command Center  
  64  6:43  Marine, Supply Depot  
  64  6:44  Engineering Bay  
  60  7:03  Marine x3  
  60  7:04  Siege Tank  
  60  7:07  SCV x2  
  68  7:11  Terran Infantry Weapons Level 1, Combat Shield  
  65  7:19  SCV  
  64  7:24  Marine x3  
  64  7:26  Missile Turret  
  64  7:27  Missile Turret  
  64  7:30  Medivac  
  64  7:33  Barracks x2  
  64  7:35  SCV  
  64  7:43  Marine x3  
  67  7:48  SCV  
  67  7:50  SCV  
  69  8:02  Marine  
  69  8:03  Marine  
  69  8:04  Marine  
  69  8:05  Siege Tank  
  75  8:06  SCV x2  
  75  8:11  Starport Reactor  
  77  8:18  SCV x2  
  79  8:21  Barracks Reactor x2  
  79  8:25  Refinery x2  
  77  8:27  Marine  
  77  8:28  Marine  
  77  8:29  Marine  
  73  8:45  Marine  
  74  8:49  Marine  
  74  8:51  Barracks Reactor  
  74  8:53  SCV x2  
  77  9:07  Planetary Fortress  
  77  9:08  SCV x2  
  79  9:16  Marine x4  
  79  9:17  Marine x2  
  83  9:20  SCV x2  
  87  9:30  Marine x2  
  89  9:31  Medivac, Siege Tank  
  89  9:34  Marine  
  89  9:35  SCV x2  
  97  9:39  Supply Depot x2  
  97  9:41  Missile Turret  
  97  9:43  Missile Turret  
  97  9:44  Missile Turret x2  
  97  9:47  SCV x2  
  99  9:54  Marine  
  99  9:55  Marine  
  99  9:58  Terran Infantry Armor Level 1  
  99  9:59  Marine  
  101  10:00  Marine x3  
  101  10:03  Marine  
  101  10:04  Marine  
  105  10:16  SCV x2  
  105  10:19  Marine x3  
  109  10:22  Marine x2  
  106  10:44  Marine  
  106  10:45  Marine x4  
  101  10:57  Marine x2  
  101  10:58  Marine, Medivac, Siege Tank  
  101  10:59  SCV  
  101  11:00  SCV  
  101  11:02  Marine  
  101  11:03  SCV  
  113  11:07  Marine  
  114  11:12  SCV x2  
  114  11:16  SCV  
  107  11:24  SCV  
  108  11:29  Marine x5  
  108  11:30  Marine  
  114  11:42  SCV x3  
Show
View Real Time Build Order
Export as new Build Order

Esquire Protoss - Winner!

Build Orders: Phoenix Opening, Mass Phoenix 

Get SALT Encoding   

  12  0:01  Probe  
  13  0:13  Probe  
  14  0:17  Pylon  
  14  0:25  Probe  
  15  0:36  Gateway  
  15  0:43  Assimilator  
  15  0:45  Probe (Chrono Boost)  
  16  0:50  Assimilator  
  16  0:52  Probe (Chrono Boost)  
  17  0:59  Probe (Chrono Boost)  
  19  1:11  Probe (Chrono Boost)  
  19  1:16  Probe (Chrono Boost)  
  20  1:23  Cybernetics Core  
  20  1:25  Probe  
  21  1:35  Pylon  
  21  1:37  Probe  
  22  1:50  Probe  
  23  2:02  Probe, Stalker (Chrono Boost)  
  26  2:19  Nexus  
  24  2:55  Probe  
  25  3:05  Stargate  
  25  3:10  Probe  
  26  3:22  Probe  
  27  3:30  Stargate  
  27  3:38  Probe (Chrono Boost)  
  27  3:39  Probe (Chrono Boost)  
  29  3:47  Phoenix (Chrono Boost)  
  29  3:48  Probe (Chrono Boost)  
  31  3:50  Probe (Chrono Boost)  
  31  3:53  Probe (Chrono Boost)  
  31  3:55  Assimilator  
  34  3:59  Probe  
  35  4:03  Phoenix (Chrono Boost)  
  35  4:04  Probe  
  38  4:10  Pylon  
  38  4:11  Probe (Chrono Boost)  
  38  4:14  Assimilator  
  40  4:21  Probe (Chrono Boost)  
  40  4:24  Phoenix  
  40  4:29  Probe (Chrono Boost)  
  44  4:31  Probe (Chrono Boost)  
  44  4:33  Phoenix  
  47  4:41  Probe x2 (Chrono Boost)  
  48  4:46  Probe (Chrono Boost)  
  48  4:48  Probe (Chrono Boost)  
  48  4:49  Phoenix  
  52  4:53  Pylon  
  52  4:56  Probe  
  52  4:59  Probe  
  54  5:05  Pylon  
  54  5:11  Probe  
  54  5:12  Phoenix (Chrono Boost)  
  54  5:13  Probe  
  58  5:14  Pylon  
  58  5:21  Phoenix (Chrono Boost)  
  60  5:25  Probe  
  60  5:26  Forge  
  61  5:38  Stargate  
  61  5:42  Phoenix x2 (Chrono Boost)  
  65  5:50  Probe, Pylon  
  66  6:01  Phoenix  
  66  6:02  Phoenix  
  68  6:14  Pylon  
  68  6:16  Pylon  
  68  6:21  Phoenix (Chrono Boost)  
  68  6:25  Pylon  
  70  6:29  Phoenix (Chrono Boost)  
  72  6:35  Phoenix (Chrono Boost)  
  74  6:45  Phoenix (Chrono Boost)  
  76  6:53  Phoenix (Chrono Boost)  
  78  6:55  Phoenix (Chrono Boost)  
  80  7:02  Phoenix  
  84  7:16  Phoenix (Chrono Boost)  
  84  7:23  Nexus  
  84  7:24  Probe  
  84  7:25  Probe, Pylon  
  84  7:27  Pylon  
  88  7:31  Nexus  
  88  7:34  Pylon  
  90  7:37  Pylon  
  90  7:39  Probe  
  90  7:40  Pylon  
  90  7:43  Fleet Beacon  
  88  7:44  Photon Cannon  
  88  7:48  Probe, Photon Cannon  
  88  7:59  Phoenix  
  78  8:13  Phoenix x2  
  80  8:30  Phoenix  
  82  8:38  Phoenix x2  
  86  8:55  Probe (Chrono Boost), Phoenix  
  87  8:57  Photon Cannon  
  87  9:01  Photon Cannon, Assimilator  
  87  9:02  Probe (Chrono Boost), Assimilator  
  90  9:04  Photon Cannon  
  90  9:07  Probe (Chrono Boost)  
  90  9:08  Anion Pulse-Crystals (Chrono Boost)  
  94  9:10  Probe x2 (Chrono Boost)  
  94  9:11  Probe (Chrono Boost)  
  94  9:13  Probe (Chrono Boost)  
  94  9:16  Probe x3 (Chrono Boost)  
  97  9:21  Probe, Phoenix  
  101  9:27  Probe, Protoss Air Weapons Level 1  
  98  9:39  Probe  
  98  9:41  Phoenix x2  
  99  10:04  Phoenix (Chrono Boost)  
  99  10:06  Phoenix (Chrono Boost)  
  103  10:13  Phoenix (Chrono Boost)  
  103  10:16  Probe  
  104  10:24  Phoenix (Chrono Boost)  
  104  10:25  Phoenix (Chrono Boost)  
  108  10:28  Probe  
  103  10:41  Probe  
  104  10:44  Phoenix  
  104  10:46  Phoenix  
  108  10:53  Probe  
  107  10:59  Phoenix (Chrono Boost)  
  105  11:11  Phoenix (Chrono Boost)  
  105  11:16  Phoenix (Chrono Boost)  
  105  11:21  Phoenix (Chrono Boost)  
  105  11:27  Phoenix (Chrono Boost)  
  107  11:34  Phoenix  
Tags
 
Add a new tag
Caveats
  • Supply blocks, unpowered buildings, or Contaminate may cause inaccurate times.
  • Supply counts are checked every 10 seconds.